 Dungeon Crawl Stone Soup version 0.18.1-48-g4cf74bf (webtiles) character file.

66 Crag the Ruffian (level 4, -1/38 HPs)
             Began as a Naga Transmuter on Aug 20, 2016.
             Slain by a gnoll
             ... wielding a +0 club
              (8 damage)
             ... on level 2 of the Dungeon.
             The game lasted 00:04:39 (1816 turns).

Crag the Ruffian (Naga Transmuter)                  Turns: 1816, Time: 00:04:40

Health: -1/38      AC:  2    Str: 13    XL:     4   Next: 15%
Magic:  7/7        EV: 10    Int: 13    God:
Gold:   60         SH:  0    Dex: 12    Spells: 1 memorised, 6 levels left

rFire  x . .     SeeInvis +       - Unarmed
rCold  + . .     Gourm    .     b - +0 robe
rNeg   . . .     Faith    .     (no shield)
rPois  +         Spirit   .     (no helmet)
rElec  .         Dismiss  .     (no cloak)
rCorr  .         Reflect  .     (no gloves)
SustAt .         Harm     .     (no barding)
MR     .....                    (no amulet)
Stlth  ++........               (no ring)
                                l - ring of ice

@: very slow, not resistant to hostile enchantments, unstealthy
A: see invisible, deformed body, poison resistance, slowness 2, slow metabolism
1, spit poison 2, AC +1
a: Spit Poison


You were on level 2 of the Dungeon.
You were not hungry.

You visited 1 branch of the dungeon, and saw 2 of its levels.

You collected 60 gold pieces.

Inventory:

Missiles
 a - 27 arrows
Armour
 b - a +0 robe (worn)
Jewellery
 l - a ring of ice (left hand)
Scrolls
 e - a scroll of fog {unknown}
 j - 2 scrolls of random uselessness {unknown}
Potions
 g - a potion of cancellation
Books
 c - a book of Changes

   Spells                             Type                      Level
   a - Beastly Appendage              Transmutation                1
   b - Sticks to Snakes               Transmutation                2
   c - Spider Form                    Transmutation/Poison         3
   d - Ice Form                       Ice/Transmutation            4
   e - Blade Hands                    Transmutation                5
Comestibles
 d - 3 bread rations
 h - 3 fruits
 i - a meat ration
 k - 3 chunks of flesh


   Skills:
 - Level 1.0 Fighting
 - Level 1.5 Dodging
 + Level 0.9 Stealth
 + Level 4.8 Unarmed Combat
 - Level 2.0 Spellcasting
 - Level 2.0 Transmutations


You had 6 spell levels left.
You knew the following spells:

 Your Spells              Type           Power        Failure   Level  Hunger
a - Beastly Appendage     Trmt           #.....       12%         1    ##.....


Dungeon Overview and Level Annotations

Branches:
Dungeon (2/15)

Altars:


Innate Abilities, Weirdness & Mutations

You cannot wear boots.
Your serpentine skin is tough (AC +1).
You have supernaturally acute eyesight.
Armour fits poorly on your strangely shaped body.
Your system is resistant to poisons.
You cover ground very slowly.
You have a slow metabolism.
You can spit poison.


Message History

The gnoll is heavily wounded.
The gnoll closely misses you.
You hit the gnoll.
You kill the gnoll!
You have reached level 4!
You feel stronger.
You closely miss the gnoll.
The gnoll is moderately wounded.
The gnoll hits you with a club.
* * * LOW HITPOINT WARNING * * *
Drink which item? (? for menu, Esc to quit)
It was a potion of cancellation.
You feel magically purged. The gnoll hits you with a club.
* * * LOW HITPOINT WARNING * * *
Drink which item? (? for menu, Esc to quit)
It was a potion of curing.
You feel better. The gnoll barely misses you.
You hit the gnoll.
The gnoll is heavily wounded.
The gnoll hits you with a club!
You die...

###### #....#######
........> .. #.##.###
#.## #..#.# ..# #.##.#
#.# #.##.# #.##
#.##.#######..#####.###.
............)..)@g......
....##.##.###..#######.#
....##..#.#.........#
....##....'.........#
....#####.#.........#
....'.....##..#'#####
....########.....#
....'...# ##.##.#
....###.# #.##.##


You could see a gnoll.

Vanquished Creatures
  An adder (D:2)
  2 gnolls (D:2)
  A dart slug (D:1)
  2 giant geckos
  A bat (D:1)
  3 giant cockroaches (D:1)
  4 goblins
  3 hobgoblins
  4 jackals (D:1)
  A quokka (D:2)
  2 ball pythons
  2 giant newts
  3 kobolds (D:1)
  4 rats
33 creatures vanquished.

Notes
Turn   | Place    | Note
--------------------------------------------------------------
     0 | D:1      | Crag the Naga Transmuter began the quest for the Orb.
     0 | D:1      | Reached XP level 1. HP: 18/18 MP: 3/3
   369 | D:1      | Reached XP level 2. HP: 13/25 MP: 5/5
   820 | D:1      | Reached skill level 4 in Unarmed Combat
  1031 | D:1      | Reached XP level 3. HP: 26/31 MP: 6/6
  1812 | D:2      | Reached XP level 4. HP: 11/38 MP: 7/7
  1814 | D:2      | HP: 1/38 [gnoll/club (6)]
  1816 | D:2      | Slain by a gnoll

Skill      XL: |  1  2 |
---------------+-------+-----
Unarmed Combat | 4 |  4.8
Fighting       | |  1.0
Dodging        | |  1.5
Stealth        | |  0.9
Spellcasting   | |  2.0
Transmutations | |  2.0

Action                   |  1- 3 |  4- 6 || total
-------------------------+-------+-------++-------
Melee: Unarmed           |   129 |     2 ||   131
       Punch             |     2 |       ||     2
 Abil: Spit Poison       |     8 |       ||     8
  Use: Potion            |       |     2 ||     2
  Eat: Chunk             |     2 |       ||     2
Armor: Robe              |    18 |       ||    18
Dodge: Dodged            |    52 |     1 ||    53
